 Dungeon Sprint DCSS version 0.31-a0-795-g5eb97db20b (webtiles) character file.

Game seed: 1246796976358177039

11212 sircluck the Brawler (level 11, -4/131 HPs)
             Began as a Troll Berserker on Sept 18, 2023.
             Was the Champion of Trog.
             Slain by Erolcha
             ... wielding a +0 giant club
              (38 damage)
             ... in the Dungeon (Sprint VII: "The Pits").
             The game lasted 00:06:08 (1213 turns).

sircluck the Brawler (Troll Berserker)              Turns: 1213, Time: 00:06:09

Health: -4/131     AC:  4    Str: 31    XL:     11   Next: 46%
Magic:  10/10      EV: 17    Int:  3    God:    Trog [******]
Gold:   0          SH:  0    Dex: 15    Spells: 10/10 levels left

rFire   . .          .
                       - Unarmed
rCold   . . .        (no shield)
rNeg    . . .        a - +0 animal skin
rPois   .            (helmet restricted)
rElec   .            (no cloak)
rCorr   .            (gloves unavailable)
SInv    .            (boots unavailable)
Will    .....        (no amulet)
Stlth   +            k - +3 ring of dexterity
HPRegen 1.21/turn    l - +3 ring of dexterity
MPRegen 0.12/turn

%: no teleportation
@: on berserk cooldown, slowed, very slow
A: large, unfitting armour, claws 3, regeneration 1, shaggy fur 1, tough skin 1
a: Renounce Religion, Berserk, Trog's Hand, Brothers in Arms


You were in the Dungeon.
You worshipped Trog.
Trog was exalted by your worship.
You visited 1 branch

Inventory:

Missiles
 n - 2 large rocks
Armour
 a - a +0 animal skin (worn)
Jewellery
 k - a +3 ring of dexterity (left claw)
 l - a +3 ring of dexterity (right claw)
Scrolls
 g - a scroll of blinking
 i - 2 scrolls of vulnerability
 j - a scroll of summoning
Potions
 b - 9 potions of curing
 c - 9 potions of heal wounds
 d - a potion of haste
 e - 4 potions of magic
 f - 3 potions of berserk rage
 h - 2 potions of invisibility
 m - a potion of might


   Skills:
 + Level 14.5 Fighting
 + Level 14.3 Dodging
 + Level 16.8 Unarmed Combat


You had 10 spell levels left.
You didn't know any spells.
Your spell library was empty.

Dungeon Overview and Level Annotations

Branches:
Dungeon (1/1)

Altars:
Ashenzari
Cheibriados
Dithmenos
Elyvilon
Fedhas
Gozag
Hepliaklqana
Kikubaaqudgha
Makhleb
Nemelex Xobeh
Okawaru
Qazlal
Ru
Sif Muna
Trog
Uskayaw
Vehumet
Wu Jian
Xom
Yredelemnul
Zin
The Shining One
Jiyva
Lugonu

Annotations:
D Erolcha, Eustachio


Innate Abilities, Weirdness & Mutations

You are too large for most types of armour.
You have claws for hands.
Your natural rate of healing is unusually fast.
You are covered in fur. (AC +1)
You have tough skin. (AC +1)


Message History

You eviscerate the river rat!!!
You kill the river rat!
Trog accepts your kill.
You feel very sick.
You eviscerate the quokka!!!
You kill the quokka!
The quokka's corpse disappears in a puff of smoke!
You feel sick.
Eustachio casts a spell.
Eustachio blinks!
You mangle the iron imp!!
You kill the iron imp!
The iron imp disappears in a puff of smoke!
You feel sick. Eustachio hits you with a +0 rapier.
* * * LOW HITPOINT WARNING * * *
You barely miss Eustachio.
You feel sick. Eustachio barely misses you.
You claw Eustachio!
Eustachio is moderately wounded.
You feel sick.
Eustachio mumbles some strange words.
Eustachio blinks!
You hear some strange, mumbled words.
The rat closely misses you. The river rat misses you.
Unknown command.
Unknown command.
Unknown command.
You scratch the river rat but do no damage.
Your claw misses the river rat.
You feel sick. The river rat barely misses you.
The rat bites you but does no damage.
You mangle the river rat!!
You kill the river rat!
The river rat's corpse disappears in a puff of smoke!
You feel sick.
You are no longer poisoned.
The rat bites you.
* * * LOW HITPOINT WARNING * * *
You claw something!
Eustachio growls, "To hell with you, honourless miscreant!"
Something hits you!!!
You die...

'###### #######
'############## #####
.....#.).+....###...#
...###...###...#...#
..##.'...'.##.....#### .
.##..##+##..##...##..##..
.#..##...##..+...#.......
)#..#.....#..#..r#....#..
†)..+.....'..+).@{r......
.#..#.....#..#†..#@...#..
.#..##...##..+...#.......
)##..##'##..##...##..##..
..##.+.††).##.)...#### .
..)###...###.))#...#
.....#...'....###...#
############### #####


You could see Eustachio, a quokka (summoned) and a rat (summoned).

Vanquished Creatures
  A boulder beetle (D)
  A two-headed ogre (D)
  2 sea snakes (D)
  A deep elf zephyrmancer (D)
  A phantasmal warrior (D)
  A cyclops (D)
  A rime drake (D)
  A kobold demonologist (D)
  2 freezing wraiths (D)
  2 guardian mummies (D)
  2 red devils (D)
  2 trolls (D)
  4 blink frogs (D)
  6 dream sheep (D)
  A flying skull (D)
  7 yaks (D)
  2 redbacks (D)
  A warg (D)
  A steam dragon (D)
  Menkaure (D)
  An orc warrior (D)
  2 ogres (D)
  A phantom (D)
  A scorpion (D)
  A bullfrog (D)
  4 killer bees (D)
  A crimson imp (D)
  A small abomination (D)
  2 orc priests (D)
  An orc wizard (D)
  2 river rats (D)
  A white imp (D)
  An ufetubus (D)
  An adder skeleton (D)
  9 orcs (D)
  2 ball pythons (D)
  An endoplasm (D)
  A giant cockroach (D)
  3 hobgoblins (D)
  A quokka (D)
  2 bats (D)
79 creatures vanquished.

Vanquished Creatures (collateral kills)
  A hydra (D)
  A dream sheep (D)
  A redback (D)
  A killer bee (D)
  A river rat (D)
  An ufetubus (D)
6 creatures vanquished.

Grand Total: 85 creatures vanquished

Notes
Turn   | Place    | Note
-------+----------+-------------------------------------------
     0 | D        | sircluck the Troll Berserker began the quest for the Orb.
     0 | D        | Reached XP level 1. HP: 22/22 MP: 0/0
   149 | D        | Found a bloodstained altar of Trog.
   149 | D        | Found a shimmering blue altar of Sif Muna.
   149 | D        | Found a viscous altar of Jiyva.
   149 | D        | Found a hazy altar of Hepliaklqana.
   149 | D        | Found an opulent altar of Gozag.
   169 | D        | Found a glowing golden altar of the Shining One.
   169 | D        | Found a glowing silver altar of Zin.
   169 | D        | Found a basalt altar of Yredelemnul.
   169 | D        | Found a shimmering altar of Xom.
   169 | D        | Found an ornate altar of the Wu Jian Council.
   169 | D        | Found a sacrificial altar of Ru.
   169 | D        | Found a stormy altar of Qazlal.
   169 | D        | Found an iron altar of Okawaru.
   169 | D        | Found a sparkling altar of Nemelex Xobeh.
   169 | D        | Found a burning altar of Makhleb.
   169 | D        | Found a blossoming altar of Fedhas.
   169 | D        | Found a white marble altar of Elyvilon.
   169 | D        | Found a shadowy altar of Dithmenos.
   169 | D        | Found a snail-covered altar of Cheibriados.
   171 | D        | Found a radiant altar of Vehumet.
   171 | D        | Found a corrupted altar of Lugonu.
   172 | D        | Found a hide-covered altar of Uskayaw.
   172 | D        | Found an ancient bone altar of Kikubaaqudgha.
   172 | D        | Found a broken altar of Ashenzari.
   197 | D        | Reached ** piety under Trog
   216 | D        | Reached *** piety under Trog
   217 | D        | Reached skill level 4 in Unarmed Combat
   217 | D        | Reached XP level 2. HP: 25/31 MP: 1/1
   281 | D        | Reached **** piety under Trog
   294 | D        | Noticed a phantom
   294 | D        | Noticed an orc warrior
   294 | D        | Noticed Menkaure
   306 | D        | Killed a phantom
   307 | D        | Reached skill level 5 in Fighting
   307 | D        | Reached skill level 5 in Unarmed Combat
   307 | D        | Reached XP level 3. HP: 42/42 MP: 2/2
   307 | D        | Reached XP level 4. HP: 50/50 MP: 3/3
   310 | D        | Killed Menkaure
   311 | D        | Reached skill level 7 in Unarmed Combat
   311 | D        | Reached XP level 5. HP: 49/59 MP: 4/4
   317 | D        | Killed an orc warrior
   318 | D        | Reached skill level 8 in Unarmed Combat
   318 | D        | Reached XP level 6. HP: 38/68 MP: 5/5
   323 | D        | Reached ***** piety under Trog
   357 | D        | Noticed a rime drake
   361 | D        | Killed a rime drake
   362 | D        | Reached skill level 9 in Unarmed Combat
   362 | D        | Reached XP level 7. HP: 79/80 MP: 6/6
   373 | D        | Received a gift from Trog
   385 | D        | Reached skill level 10 in Unarmed Combat
   431 | D        | Noticed a kobold demonologist
   431 | D        | Noticed a phantasmal warrior
   445 | D        | Killed a phantasmal warrior
   446 | D        | Reached XP level 8. HP: 77/92 MP: 7/7
   450 | D        | Killed a kobold demonologist
   450 | D        | Received a gift from Trog
   451 | D        | Reached skill level 11 in Unarmed Combat
   553 | D        | Noticed a blink frog
   567 | D        | Noticed a blink frog
   569 | D        | Killed a blink frog
   570 | D        | Reached skill level 10 in Fighting
   570 | D        | Noticed a blink frog
   571 | D        | Noticed a blink frog
   572 | D        | Noticed a troll
   574 | D        | Killed a blink frog
   575 | D        | Reached skill level 10 in Dodging
   580 | D        | Killed a blink frog
   581 | D        | Reached skill level 12 in Unarmed Combat
   581 | D        | Reached XP level 9. HP: 102/102 MP: 8/8
   583 | D        | Killed a troll
   631 | D        | Noticed a sea snake
   638 | D        | Killed a sea snake
   638 | D        | Reached ****** piety under Trog
   639 | D        | Reached skill level 13 in Unarmed Combat
   678 | D        | Noticed a red devil
   684 | D        | Received a gift from Trog
   690 | D        | HP: 2/157 [red devil/+0 trident (17)]
   694 | D        | Killed a red devil
   769 | D        | Noticed a deep elf zephyrmancer
   784 | D        | Killed a deep elf zephyrmancer
   785 | D        | Reached XP level 10. HP: 100/115 MP: 9/9
   786 | D        | Received a gift from Trog
   787 | D        | Reached skill level 14 in Unarmed Combat
   822 | D        | Noticed a seven-headed hydra
   953 | D        | Identified the +2 short sword of Xirebrui {flame, rPois rC+
                  | Will+} (Trog gifted it to you in the Dungeon)
   953 | D        | Received a gift from Trog
   961 | D        | Noticed a cyclops
   966 | D        | Killed a cyclops
   985 | D        | Noticed a boulder beetle
   996 | D        | Killed a boulder beetle
   997 | D        | Reached skill level 15 in Unarmed Combat
  1045 | D        | Noticed a sea snake
  1054 | D        | Killed a sea snake
  1061 | D        | Received a gift from Trog
  1080 | D        | Killed a nine-headed hydra
  1083 | D        | Reached XP level 11. HP: 127/127 MP: 10/10
  1141 | D        | Noticed Erolcha
  1148 | D        | Noticed Eustachio
  1149 | D        | Received a gift from Trog
  1156 | D        | Noticed a two-headed ogre
  1165 | D        | Reached skill level 16 in Unarmed Combat
  1168 | D        | Received a gift from Trog
  1179 | D        | Killed a two-headed ogre
  1193 | D        | Received a gift from Trog
  1213 | D        | Slain by Erolcha

Illustrated notes

Levels and vault maps discovered:
D:        pitsprint [storerooms_1, entrance_room_1, metal_vault_6, armoury_1,
          mini_pit_1, grid_room_1, main_hall_1, silver_pit, the_coven_3,
          the_vestibule_1, steel_vault_5, golden_pit, hallway_of_sentries,
          crystal_vault_3, iron_vault_2, final_vault]

Skill      XL: |  1  2  3  4  5  6  7  8  9 10 11 |
---------------+----------------------------------+-----
Fighting       | 3 5 6 8 9 10 12 13 14 | 14.5
Dodging        | 3 4 6 8 9 10 11 13 14 | 14.3
Unarmed Combat | 4 5 7 8 9 10 12 13 15 16 | 16.8

Action                     |  1- 3 |  4- 6 |  7- 9 | 10-12 || total
---------------------------+-------+-------+-------+-------++-------
  Melee: Unarmed           |    27 |    25 |    77 |    99 ||   228
         Punch             |     1 |       |     3 |     7 ||    11
 Invoke: Berserk           |     1 |       |     4 |     3 ||     8
         Brothers in Arms  |       |       |       |     2 ||     2
    Use: Potion            |       |       |       |     4 ||     4
   Stab: Sleeping          |       |       |       |     1 ||     1
 Armour: Animal skin       |    22 |     8 |    52 |    59 ||   141
  Dodge: Dodged            |    13 |    15 |    26 |    69 ||   123

Table legend: (Time is in decaauts)
 A = Elapsed time spent in this place.
 B = Non-inter-level travel time spent in this place.
 C = Inter-level travel time spent in this place.
 D = Time resting spent in this place.
 E = Time spent auto-exploring this place.
 F = Levels seen in this place.
 G = Mean time per level.
                   A        B        C        D        E       F      G
               +--------+--------+--------+--------+--------+-----+--------+
         Total |   1231 |   1160 |     71 |    397 |     59 |   1 | 1231.0 |
       Dungeon |   1231 |   1160 |     71 |    397 |     59 |   1 | 1231.0 |
               +--------+--------+--------+--------+--------+-----+--------+

Top non-repeatable levels by time:
       D: 1231 daAuts
